 Dungeon Crawl Stone Soup version 0.31.0-9-g3a7656b989 (webtiles) character file.

Game seed: 7911327780331646293

120 qw the Skirmisher (level 4, -1/25 HPs)
             Began as a Deep Elf Hunter on Feb 2, 2024.
             Slain by an orc
             ... wielding a +0 flail
              (5 damage)
             ... on level 3 of the Dungeon.
             The game lasted 00:00:08 (1886 turns).

qw the Skirmisher (Deep Elf Hunter)                 Turns: 1886, Time: 00:00:08

Health: -1/25      AC:  5    Str: 10    XL:     4   Next: 75%
Magic:  6/6        EV: 11    Int: 14    God:
Gold:   61         SH:  0    Dex: 18    Spells: 3/3 levels left

rFire   . . .        a - +0 shortbow
rCold   + . .        (shield currently unavailable)
rNeg    . . .        g - +0 ring mail
rPois   +            (no helmet)
rElec   .            i - scarf {repulsion}
rCorr   .            (no gloves)
SInv    .            (no boots)
Will    .....        (no amulet)
Stlth   +            e - ring of poison resistance
HPRegen 0.24/turn    h - ring of protection from cold
MPRegen 0.10/turn

%: repel missiles
@: no status effects
A: no striking features
a: no special abilities


You were on level 3 of the Dungeon.
You visited 1 branch of the dungeon, and saw 3 of its levels.

You collected 101 gold pieces.
You spent 40 gold pieces at shops.


   Skills:
 - Level 1.5 Fighting
 + Level 8.2 Ranged Weapons
 - Level 2.4 Dodging
 - Level 1.2 Stealth


You had 3 spell levels left.
You didn't know any spells.
Your spell library was empty.

Inventory:

Hand Weapons
 a - a +0 shortbow (weapon)
Armour
 g - a +0 ring mail (worn)
 i - a scarf of repulsion (worn)
Jewellery
 e - a ring of poison resistance (left hand)
 h - a ring of protection from cold (right hand)
Scrolls
 b - a scroll of identify

Dungeon Overview and Level Annotations

Branches:
Dungeon (3/15)

Altars:

Shops:
D:2 [


Message History

The jackal bites you but does no damage.
You shoot an arrow. The arrow hits the jackal!
You kill the jackal!
The quokka misses you.
You shoot an arrow. The arrow hits the quokka.
The quokka is lightly wounded.
The quokka barely misses you. The orc misses you.
You shoot an arrow. The arrow barely misses the quokka.
The quokka misses you. The orc misses you.
The quokka bites you but does no damage.
You shoot an arrow. The arrow hits the quokka.
The quokka is severely wounded.
The quokka closely misses you. The orc hits you but does no damage.
You shoot an arrow.
The arrow hits the quokka but does no damage.
The quokka is severely wounded.
The quokka bites you but does no damage.
The orc hits you with a +0 flail.
You shoot an arrow. The arrow closely misses the quokka.
The quokka bites you but does no damage.
The orc hits you but does no damage.
The frilled lizard bites you but does no damage.
The quokka bites you but does no damage.
You shoot an arrow. The arrow closely misses the quokka.
The orc hits you with a +0 flail. The frilled lizard bites you.
The quokka barely misses you.
You shoot an arrow. The arrow barely misses the quokka.
The orc hits you with a +0 flail. The frilled lizard closely misses you.
The quokka barely misses you.
You shoot an arrow. The arrow hits the quokka.
You kill the quokka!
The orc hits you but does no damage. The frilled lizard closely misses you.
You shoot an arrow.
The arrow hits the orc but does no damage.
The orc hits you but does no damage. The frilled lizard closely misses you.
The frilled lizard bites you but does no damage.
The orc barely misses you.
You shoot an arrow. The arrow barely misses the orc.
The orc hits you with a +0 flail.
You die...

. .. .. #.######
#......# #....#
####.o@.#..
#....l..!.....
#...........[.
......?.......#.
##.....#[........
#.....##.......#
.......##.......#
.####..[...##....#
#.... ..


You could see an orc and a frilled lizard.

Vanquished Creatures
  3 adders (D:2)
  2 dart slugs
  2 ribbon worms (D:2)
  An orc (D:3)
  9 ball pythons
  3 bats
  4 endoplasms
  5 giant cockroaches (D:1)
  5 goblins
  4 hobgoblins
  13 jackals
  5 quokkas
  6 frilled lizards
  6 kobolds
  11 rats
79 creatures vanquished.

Notes
Turn   | Place    | Note
-------+----------+-------------------------------------------
     0 | D:1      | qw the Deep Elf Hunter began the quest for the Orb.
     0 | D:1      | Reached XP level 1. HP: 12/12 MP: 3/3
     0 | D:1      | 0 ||| qw: Version: 0.3-a-155-g5e7d8dd
     0 | D:1      | 0 ||| qw: Game counter: 1417
     0 | D:1      | 0 ||| qw: Melee chars always use a shield: true
     0 | D:1      | 0 ||| qw: God list: Okawaru
     0 | D:1      | 0 ||| qw: Allow faded altars: false
     0 | D:1      | 0 ||| qw: Do Orc after clearing Dungeon:15 true
     0 | D:1      | 0 ||| qw: Do second Lair branch before Depths: true
     0 | D:1      | 0 ||| qw: Lair rune preference: random
     0 | D:1      | 0 ||| qw: Goals: Normal
     0 | D:1      | 0 ||| PLANNING D:1-11
    78 | D:1      | HP: 2/12 [kobold/+0 club (2)]
   132 | D:1      | Reached XP level 2. HP: 16/16 MP: 4/4
   161 | D:1      | Reached skill level 6 in Ranged Weapons
   262 | D:1      | HP: 4/16 [jackal (2)]
   268 | D:1      | HP: 2/16 [rat (1)]
   342 | D:1      | Reached XP level 3. HP: 20/20 MP: 5/5
   770 | D:1      | 770 ||| UPGRADING to scarf of repulsion.
   775 | D:1      | 775 ||| UPGRADING to ring of poison resistance.
   776 | D:1      | 776 ||| READING scroll labelled TYOSYH DIOC YMANA.
   781 | D:1      | 781 ||| READING scroll labelled YSSUVYEXUU.
   882 | D:1      | 882 ||| READING scroll labelled CYSIEBLUEZ.
   882 | D:1      | 882 ||| IDENTIFYING metallic orange potion
   883 | D:1      | 883 ||| DRINKING 2 glowing coppery potions.
   884 | D:1      | 884 ||| DROPPING scroll of butterflies.
   885 | D:1      | 885 ||| DROPPING potion of attraction.
   929 | D:2      | HP: 3/20 [poisoned by a kobold]
   930 | D:2      | HP: 1/20 [poisoned by a kobold]
   931 | D:2      | 931 ||| DRINKING potion of curing.
   931 | D:2      | 931 ||| (to cure poison)
   937 | D:2      | 937 ||| STAIRDANCE
   996 | D:2      | Reached skill level 7 in Ranged Weapons
  1197 | D:2      | Reached XP level 4. HP: 25/25 MP: 6/6
  1294 | D:2      | Found Alopet's Armour Boutique.
  1299 | D:2      | 1299 ||| BUYING +0 ring mail (40 gold).
  1299 | D:2      | Bought a +0 ring mail for 40 gold pieces
  1299 | D:2      | 1299 ||| SHOPLISTING +2 ring mail of cold resistance (210
                  | gold, have 53).
  1299 | D:2      | 1299 ||| SHOPLISTING +3 leather armour of cold resistance
                  | (240 gold, have 53).
  1299 | D:2      | 1299 ||| SHOPLISTING +3 leather armour of fire resistance
                  | (240 gold, have 53).
  1763 | D:2      | 1763 ||| UPGRADING to +0 ring mail.
  1773 | D:2      | 1773 ||| DROPPING +0 leather armour.
  1774 | D:2      | 1774 ||| UPGRADING to ring of protection from cold.
  1775 | D:2      | 1775 ||| READING 3 scrolls of identify.
  1775 | D:2      | 1775 ||| IDENTIFYING sedimented clear potion
  1776 | D:2      | 1776 ||| READING 2 scrolls of identify.
  1776 | D:2      | 1776 ||| IDENTIFYING viscous blue potion
  1777 | D:2      | 1777 ||| DROPPING potion of lignification.
  1778 | D:2      | 1778 ||| DROPPING potion of degeneration.
  1790 | D:3      | 1790 ||| STAIRDANCE
  1796 | D:2      | Reached skill level 8 in Ranged Weapons
  1808 | D:3      | HP: 6/25 [jackal (2)]
  1809 | D:3      | 1809 ||| READING 3 scrolls of teleportation.
  1814 | D:3      | 1814 ||| READING 2 scrolls of teleportation.
  1814 | D:3      | HP: 4/25 [bat (1)]
  1820 | D:3      | 1820 ||| READING scroll of teleportation.
  1883 | D:3      | HP: 3/25 [orc/+0 flail (5)]
  1886 | D:3      | Slain by an orc

Levels and vault maps discovered:
D:1:      sevenhm_arrival_forest_fort_large_2, layout_basic
D:2:      layout_basic, serial_shops, nicolae_shop_crystal,
          chequers_serial_rivers_micro_b
D:3:      layout_rooms

Skill      XL: |  1  2  3  4 |
---------------+-------------+-----
Ranged Weapons | 6 7 8 |  8.2
Fighting       | |  1.5
Dodging        | |  2.4
Stealth        | |  1.2

Action                     |  1- 3 |  4- 6 || total
---------------------------+-------+-------++-------
   Fire: Shortbow          |   146 |   110 ||   256
    Use: Scroll            |     3 |     5 ||     8
         Potion            |     2 |       ||     2
 Armour: Leather armour    |    57 |    16 ||    73
         Ring mail         |       |    45 ||    45
  Dodge: Dodged            |    49 |    71 ||   120
         Repelled          |       |     1 ||     1

Table legend:
 A = Non-vault XP
 B = Vault XP
 C = Vault XP percentage of total XP
 D = Non-vault monster count
 E = Vault monster count
 F = Vault count percentage of total count
                 A         B        C        D         E       F
            +---------+---------+-------+---------+---------+-------
      Total |     172 |       0 |   0.0 |      79 |       0 |   0.0
            +---------+---------+-------+---------+---------+-------
        D:1 |      59 |       0 |   0.0 |      38 |       0 |   0.0
        D:2 |      92 |       0 |   0.0 |      31 |       0 |   0.0
        D:3 |      21 |       0 |   0.0 |      10 |       0 |   0.0
            +---------+---------+-------+---------+---------+-------
